 Dungeon Crawl Stone Soup version 0.27.1-34-g3ba077fa99 (webtiles) character file.

Game seed: 12036906883218857389

340208 Eryximachus the Warrior (level 21, -1/111 (119) HPs)
             Began as a Vine Stalker Fighter on Jan 10, 2022.
             Was an Initiate of Gozag.
             Slain by a vampire knight (14 damage)
             ... while paralysed by a vampire knight
             ... on level 5 of the Depths on Jan 11, 2022.
             The game lasted 04:11:06 (66180 turns).

Eryximachus the Warrior (Vine Stalker Fighter)     Turns: 66180, Time: 04:11:08

HP:   -1/111 (119)  AC: 19    Str: 27    XL:     21   Next: 98%
MP:   0/34          EV:  2    Int: 13    God:    Gozag
Gold: 7797          SH:  0    Dex: 37    Spells: 30/37 levels left

rFire    + . .     SeeInvis +   b - +11 falchion of Modesty {vorpal, rPois Dex+10 SInv}
rCold    + . .     Faith    .   A - +5 kite shield {reflect}
rNeg     . . .     Spirit   +   c - +5 ring mail "Lijaupp" {rElec Regen+}
rPois    +         Reflect  +   m - +2 hat {SInv}
rElec    +         Harm     .   W - scarf {rC+ rF+}
rCorr    .         Rampage  .   Z - +2 pair of gloves "Saliros" {rElec Str+4 Dex+6 Stlth+}
Will     +....                  q - +2 pair of boots
Stlth    ++++++....             e - amulet of reflection
HPRegen  2.28/turn              s - ring "Ydemegh" {EV+4 Dex+2}
MPRegen  0.24/turn              D - ring of Midnight {+Blink EV+4 Dex+4}

@: paralysed, weak-willed, studying Transmutations, drained
A: fangs 3, regeneration 1, magic shield, antimagic bite, no potion heal 2
}: 2/15 runes: decaying, gossamer
a: Renounce Religion, Evoke Blink, Potion Petition, Call Merchant, Bribe Branch


You were on level 5 of the Depths.
You worshipped Gozag.
Gozag was greatly pleased with you.
You visited 7 branches of the dungeon, and saw 37 of its levels.
You also visited: Bailey.

You collected 16177 gold pieces.
You spent 3826 gold pieces at shops.
You paid 4554 gold pieces to Gozag.


Innate Abilities, Weirdness & Mutations

You have razor-sharp teeth.
Your natural rate of healing is unusually fast.
When hurt, damage is shared between your health and your magic reserves.
Your bite disrupts and absorbs the magic of your enemies.
Potions cannot restore your health.


   Skills:
 + Level 16.2 Fighting
 - Level 10.0(12.6) Short Blades
 - Level 12.8(14.0) Long Blades
 - Level 12.0 Slings
 - Level 5.0 Armour
 + Level 5.8 Dodging
 + Level 9.1 Stealth
 - Level 15.0 Shields
 + Level 8.6 Spellcasting
 - Level 6.0 Conjurations
 * Level 10.8 Summonings
 - Level 10.0 Air Magic
 - Level 6.0 Poison Magic
 + Level 7.0 Evocations


You had 30 spell levels left.
You knew the following spells:

 Your Spells              Type           Power      Damage    Failure   Level
l - Summon Lightning Spi  Summ/Air       32%        N/A       2%          4
m - Mephitic Cloud        Conj/Pois/Air  24%        N/A       2%          3

Your spell library contained the following spells:

 Spells                   Type           Power      Damage    Failure   Level
 Magic Dart               Conj           84%        1d7       1%          1
 Call Imp                 Summ           33%        N/A       1%          2
 Poisonous Vapours        Pois/Air       52%        N/A       1%          2
 Searing Ray              Conj           42%        3d4       2%          2
 Corpse Rot               Necr/Air       N/A        N/A       3%          2
 Airstrike                Air            15%        N/A       3%          4
 Spider Form              Tmut/Pois      6%         N/A       17%         3
 Stone Arrow              Conj/Erth      26%        3d8       17%         3
 Animate Skeleton         Necr           10%        N/A       19%         1
 Apportation              Tloc           10%        N/A       19%         1
 Corona                   Hex            5%         N/A       19%         1
 Freeze                   Ice            20%        1d4       19%         1
 Pain                     Necr           20%        1d5       19%         1
 Summon Ice Beast         Ice/Summ       19%        N/A       21%         4
 Lightning Bolt           Conj/Air       13%        1d26      21%         5
 Ensorcelled Hibernation  Hex/Ice        10%        N/A       28%         2
 Slow                     Hex            5%         N/A       28%         2
 Sublimation of Blood     Necr           2%         N/A       28%         2
 Shadow Creatures         Summ           N/A        N/A       32%         6
 Iskenderun's Battlesphe  Conj           21%        2d7       41%         5
 Confusing Touch          Hex            5%         N/A       50%         3
 Frozen Ramparts          Ice            10%        1d3       50%         3
 Portal Projectile        Hex/Tloc       10%        N/A       50%         3
 Vampiric Draining        Necr           2%         2d6       50%         3
 Fulminant Prism          Conj/Hex       6%         3d7       50%         4
 Hailstorm                Conj/Ice       13%        3d5       50%         4
 Summon Mana Viper        Hex/Summ       19%        N/A       50%         5
 Freezing Cloud           Conj/Ice/Air   9%         6-21      52%         5
 Silence                  Hex/Air        9%         N/A       56%         5
 Irradiate                Conj/Tmut      6%         3d16      83%         5
 Animate Dead             Necr           2%         N/A       88%         4
 Ice Form                 Ice/Tmut       5%         N/A       88%         4
 Passage of Golubria      Tloc           N/A        N/A       88%         4
 Petrify                  Tmut/Erth      5%         N/A       88%         4
 Monstrous Menagerie      Summ           16%        N/A       88%         7
 Bolt of Magma            Conj/Fire/Erth 5%         4d5       93%         5
 Blade Hands              Tmut           2%         N/A       99%         5
 Borgnjor's Vile Clutch   Necr/Erth      2%         N/A       99%         5
 Excruciating Wounds      Necr           2%         N/A       99%         5
 Yara's Violent Unravell  Hex/Tmut       2%         3d3       99%         5
 Spellforged Servitor     Conj/Summ      13%        N/A       99%         7
 Death Channel            Necr           2%         N/A       100%        6
 Iron Shot                Conj/Erth      6%         9d2       100%        6
 Simulacrum               Ice/Necr       2%         N/A       100%        6
 Dragon Form              Tmut           2%         N/A       100%        7
 Malign Gateway           Summ/Tloc      9%         N/A       100%        7
 Lehudib's Crystal Spear  Conj/Erth      6%         10d3      100%        8
 Summon Horrible Things   Summ           16%        N/A       100%        8
 Polar Vortex             Ice            2%         N/A       100%        9
 Shatter                  Erth           2%         3d6*      100%        9

Inventory:

Hand Weapons
 a - the +9 hunting sling "Poqu" {speed, Will+ Str+4}
   (You bought it in a shop on level 2 of the Orcish Mines)

   Attacks with this weapon are significantly faster.
   Str:       It affects your strength (+4).
   Will:      It increases your willpower.
 b - the +11 falchion of Modesty (weapon) {vorpal, rPois Dex+10 SInv}
   (You found it on level 3 of the Lair of Beasts)

   It inflicts extra damage upon your enemies.
   Dex:       It affects your dexterity (+10).
   rPois:     It protects you from poison.
   SInv:      It lets you see invisible.
Missiles
 f - 641 stones
 l - 10 curare-tipped darts {=f}
 E - 7 throwing nets (quivered) {=f}
 H - 102 sling bullets
Armour
 c - the +5 ring mail "Lijaupp" (worn) {rElec Regen+}
   (You bought it in a shop on level 2 of the Orcish Mines)

   rElec:     It insulates you from electricity.
   Regen:     It increases your rate of health regeneration.
 m - a +2 hat of see invisible (worn)
 q - a +2 pair of boots (worn)
 z - a +2 cloak of preservation
 A - a +5 kite shield of reflection (worn)
 R - a +1 hat of willpower
 W - a scarf of resistance (worn)
 Z - the +2 pair of gloves "Saliros" (worn) {rElec Str+4 Dex+6 Stlth+}
   (You acquired it on level 3 of the Lair of Beasts)

   Str:       It affects your strength (+4).
   Dex:       It affects your dexterity (+6).
   rElec:     It insulates you from electricity.
   Stlth:     It makes you more stealthy.
Jewellery
 e - an amulet of reflection (around neck)
 s - the ring "Ydemegh" (left hand) {EV+4 Dex+2}
   (You bought it in a shop on level 2 of the Orcish Mines)

   [ring of evasion]

   EV:        It affects your evasion (+4).
   Dex:       It affects your dexterity (+2).
 D - the ring of Midnight (right hand) {+Blink EV+4 Dex+4}
   (You bought it in a shop on level 15 of the Dungeon)

   [ring of evasion]

   EV:        It affects your evasion (+4).
   Dex:       It affects your dexterity (+4).
   +Blink:    It lets you blink.
 F - a ring of protection from fire
 K - the ring "Foiwnokk" {rPois rC+ rCorr}
   (You found it on level 7 of the Dungeon)

   [ring of poison resistance]

   rC:        It protects you from cold.
   rPois:     It protects you from poison.
   rCorr:     It protects you from acid and corrosion.
Wands
 k - a wand of digging (2)
 w - a wand of acid (9)
 B - a wand of iceblast (33)
 G - a wand of flame (70)
 I - a wand of paralysis (32)
 T - a wand of mindburst (12)
 X - a wand of charming (17)
Scrolls
 o - 4 scrolls of fog
 r - 14 scrolls of teleportation {@r2}
 v - a scroll of magic mapping
 y - 5 scrolls of blinking
 C - 3 scrolls of silence {!r}
 M - a scroll of summoning
 N - 4 scrolls of enchant armour
 O - 6 scrolls of fear
 P - 4 scrolls of amnesia
 S - 3 scrolls of immolation
Potions
 d - 5 potions of might
 g - 7 potions of ambrosia
 h - 15 potions of curing {@q1}
 i - 5 potions of berserk rage {!q}
 j - 3 potions of magic
 n - 4 potions of resistance
 t - 6 potions of invisibility
 u - 8 potions of flight
 x - 9 potions of brilliance
 Q - 5 potions of cancellation
 U - 6 potions of lignification
 V - 3 potions of haste {@q3}
Miscellaneous
 p - a phial of floods
 J - a condenser vane
 L - a phantom mirror
 Y - a lightning rod (4/4)

Dungeon Overview and Level Annotations

Branches:
Dungeon (15/15)            Temple (1/1) D:6            Lair (6/6) D:10
  Swamp (4/4) Lair:2       Spider (4/4) Lair:2        Slime (0/5) Lair:5
    Orc (2/2) D:12            Elf (0/3) Orc:2        Vaults (0/5) D:14
 Depths (5/5) D:15         Bailey (visited)
    Zot: Depths:5

Altars:
Ashenzari
Cheibriados
Dithmenos
Elyvilon
Fedhas
Gozag
Hepliaklqana
Kikubaaqudgha
Makhleb
Nemelex Xobeh
Okawaru
Qazlal
Ru
Sif Muna
Trog
Uskayaw
Vehumet
Wu Jian
Xom
Yredelemnul
Zin
The Shining One
Beogh

Shops:
D:13 ([??   D:15 *   Orc:2 [!=?([[:   Depths:1 [=(   Depths:3 !   Depths:5 :==

Portals:
Hell: Depths:1 Depths:2 Depths:3 Depths:4
Abyss: Depths:2 Depths:4
Pandemonium: Depths:3
Ziggurat: Depths:4

Annotations:
Depths:1 2 runed translucent doors, Mara
Depths:4 3 runed translucent doors, exclusion: shadow dragon, Okotesic's ghost, adept MiBe

#.# #..###.#### #.##
#.........# #..#
##.###.#### ##.# #.# #.#
. #.# #.###+######.. #.#
#.#........... ##.#
░.$........(.( ...░
♣♣♣♣♣░.#.......(...
##░░♣♣...♣░.#.$.@V......
# ♣♣.∩..♣░......W).....
##░♣.....♣░.############
..░♣.∩.⌠.∩..#
.#░♣...$.♣░## ## ♣♣.∩..♣
# ♣♣...♣ ###░░♣♣♣♣♣
#...░░░░


You could see a vampire knight (fast) and a phantasmal warrior.


Message History

The phantasmal warrior's magic leaks into the air.
You drain its magic.
You feel invigorated.
The phantasmal warrior is severely damaged.
You barely miss the phantasmal warrior.
You bite the phantasmal warrior, but do no damage.
The phantasmal warrior is severely damaged.
The vampire knight gestures at you while chanting.
You suddenly lose the ability to move!
The phantasmal warrior hits you but does no damage.
The phantasmal warrior hits you!
The vampire knight hits you with a +0 long sword!
The vampire knight completely misses you.
The phantasmal warrior hits you!
The vampire knight casts a spell at you.
You resist with some effort. The phantasmal warrior hits you!!
The vampire knight hits you with a +0 long sword!!
* * * LOW HITPOINT WARNING * * *
The vampire knight bites you but does no damage.
The vampire knight hits you with a +0 long sword!
* * * LOW HITPOINT WARNING * * *
The vampire knight bites you but does no damage.
The phantasmal warrior hits you!!
* * * LOW HITPOINT WARNING * * *
The vampire knight hits you with a +0 long sword!
* * * LOW HITPOINT WARNING * * *
The vampire knight bites you but does no damage.
The phantasmal warrior hits you but does no damage.
The vampire knight hits you with a +0 long sword!!
You die...
Your body crumbles into a pile of gold.

Skill      XL: |  1  2  3  4  5  6  7  8  9 10 11 12 13 14 15 16 17 18 19 20 21 |
---------------+----------------------------------------------------------------+-----
Short Blades   | 2 3 4 5 6 7 9 10 | 10.0
Fighting       | 3 4 5 6 8 9 11 12 13 14 15 16 | 16.2
Shields        | 3 6 8 9 10 12 13 14 15 | 15.0
Armour         | 3 5 |  5.0
Stealth        | 3 4 6 9 |  9.1
Evocations     | 2 4 6 7 |  7.0
Slings         | 4 5 7 8 10 11 12 | 12.0
Dodging        | 2 4 5 |  5.8
Long Blades    | 3 6 8 9 10 11 12 | 12.8
Conjurations   | 2 4 6 |  6.0
Poison Magic   | 2 4 6 |  6.0
Spellcasting   | 1 4 7 8 |  8.6
Air Magic      | 2 4 6 8 10 | 10.0
Summonings     | 4 8 10 | 10.8

Action                   |  1- 3 |  4- 6 |  7- 9 | 10-12 | 13-15 | 16-18 | 19-21 || total
-------------------------+-------+-------+-------+-------+-------+-------+-------++-------
Melee: Rapier            |   112 |    84 |       |       |       |       |       ||   196
       Bite              |    32 |    46 |    77 |   304 |   560 |   749 |  1259 ||  3027
       Short sword       |       |   102 |   202 |   698 |   127 |       |       ||  1129
       Falchion          |       |       |       |       |   690 |  1200 |  1804 ||  3694
 Fire: Hunting sling     |       |    16 |    49 |   292 |   598 |   794 |   173 ||  1922
Throw: Stone             |     4 |     7 |       |       |       |       |       ||    11
       Dart              |       |       |       |     2 |    31 |       |       ||    33
       Throwing net      |       |       |       |     1 |     4 |     3 |     1 ||     9
 Cast: Summon Lightning  |       |       |       |       |       |       |     9 ||     9
Invok: Potion Petition   |       |       |       |       |     1 |     1 |     2 ||     4
       Call Merchant     |       |       |       |       |       |     3 |     1 ||     4
Evoke: Wand              |       |       |     2 |    21 |    19 |    14 |    16 ||    72
       Phantom mirror    |       |       |       |     1 |       |     3 |     1 ||     5
       Condenser vane    |       |       |       |       |     1 |     3 |     1 ||     5
       Lightning rod     |       |       |       |       |       |     1 |       ||     1
  Use: Scroll            |       |     2 |     4 |    12 |    19 |     8 |     3 ||    48
       Potion            |       |       |       |     2 |     1 |     1 |     2 ||     6
 Stab: Sleeping          |       |       |       |     4 |    14 |    13 |     8 ||    39
       Distracted        |       |       |       |     3 |     9 |    29 |    22 ||    63
       Petrified         |       |       |       |       |    14 |       |       ||    14
       Held in net/web   |       |       |       |       |       |     1 |       ||     1
Armor: Scale mail        |    40 |    31 |       |       |       |       |       ||    71
       Pearl dragon scal |       |    48 |   111 |    13 |       |       |       ||   172
       Ring mail         |       |       |       |   218 |   174 |   246 |   203 ||   841
Dodge: Dodged            |    31 |    39 |    56 |   216 |   234 |   468 |   423 ||  1467
Block: Kite shield       |    38 |    89 |    96 |   635 |   698 |  1317 |  1278 ||  4151
       Reflection        |       |       |     1 |    27 |    13 |    18 |     7 ||    66
       Rpst.: Falchion   |       |       |       |       |    45 |    81 |    62 ||   188

Levels and vault maps discovered:
D:1:      scummos_arrival_simple_crosswalls, layout_basic, serial_corexii_hall,
          corexii_hall_statues_u, corexii_hall_statues_t
D:2:      layout_basic, dreamdust_ecumenical_altar_angels_and_demons,
          basic_altar, roderic_lattice_a, minmay_statues_item, st_stairs_4,
          chequers_serial_rivers_small_3
D:3:      layout_loops_ring, nicolae_wu_jian_immortal_techniques, serial_undead,
          serial_undead_a, serial_undead_f, serial_undead_c, serial_undead_e,
          serial_undead_a, serial_undead_d, serial_undead_d, serial_undead_b
D:4:      layout_cave_pods, trog_wizard, minmay_misc_feat_pillars,
          chequers_jeans, hangedman_feature_mirror, uniq_crazy_yiuf_cottage,
          uniq_pikel
D:5:      layout_layer_cave, nicolae_overflow_crystal_walls
D:6:      layout_gridville, nicolae_uskayaw_en_pointe, temple_doors_e,
          fountainhead, uniq_blork_the_orc
D:7:      minmay_the_grid_four_pointed_star
          [minmay_the_grid_triangle_9x9_negative_grid,
          minmay_the_grid_triangle_9x9_wacky_v,
          minmay_the_grid_triangle_9x9_dagger,
          minmay_the_grid_triangle_9x9_intruding_spiral,
          minmay_the_grid_prize_shrinking_boxes], layout_gridville,
          vehumet_statue, lemuel_crystal_altar, uniq_menkaure
D:8:      layout_loops_ring, zin_academy, special_room [special_room_orc],
          uniq_joseph
D:9:      layout_cave_pools, mainiacjoe_overflow_concentric_impassable,
          tso_altar, serial_gnoll_camp, gnoll_camp_mini_doghouse,
          gnoll_camp_medium_01, gnoll_camp_mini_hut, gnoll_camp_mini_basic,
          enter_bailey_7, grunt_decor_arrowhead, bh_circular_ruins, uniq_grum
D:10:     layout_basic, hangedman_ru_absence, dpeg_lair_monsters,
          feat_on_display, uniq_erica, uniq_gastronok, uniq_sonja
D:11:     layout_irregular_city, serial_rivers, chequers_serial_rivers_small_b,
          chequers_serial_rivers_marsh, chequers_serial_rivers_marsh,
          chequers_serial_rivers_micro_b, gammafunk_ghost_hive,
          nicolae_sif_muna_condensation
D:12:     layout_basic, erik_orc_3, eino_tiny_chamber, uniq_maurice
D:13:     layout_grid_maze, serial_shops, nicolae_shop_stone, shop,
          kennysheep_mini, shop_fountains, disabler_island
D:14:     layout_long_grid, david_vaults_5, nicolae_dithmenos_shadow_blocks
D:15:     gammafunk_enter_depths_forms, layout_loops_ring, elyvilon_altar_4,
          uniq_jorgrun
Temple:   hc_temple_tempest_star
Lair:1:   layout_layer_cave
Lair:2:   layout_chaotic_city, minmay_swamp_entry_swarm,
          nicolae_spider_entry_orb_guardian, minmay_lair_oklob_chamber
Lair:3:   layout_cave_pods, uniq_rupert, uniq_snorg
Lair:4:   layout_loops_ring, serial_rivers, chequers_serial_rivers_room_a,
          chequers_serial_rivers_small_b, chequers_serial_rivers_small_3,
          chequers_serial_rivers_micro_e, chequers_serial_rivers_room_b,
          minmay_holes, grunt_megastairs_3
Lair:5:   layout_cave_pods, nicolae_slime_entry_slimehenge, lemuel_fruit_fields,
          infiniplex_staircase_pool_2, lemuel_fruit_fields, lemuel_fruit_fields
Lair:6:   grunt_lair_end_beastmaster, layout_concentric_octagons
Swamp:1:  layout_basic_swamp, serial_swamp_ruin, evilmike_swamp_ruin_house_6,
          evilmike_swamp_ruin_rubble_1, evilmike_swamp_ruin_house_4,
          hangedman_swamp_pad, uniq_aizul
Swamp:2:  cheibrodos_swamp_monstrosity, layout_basic_swamp,
          nicolae_swamp_oxbows, nicolae_swamp_some_circles
Swamp:3:  layout_falls_marsh, evilmike_swamp_ruin_rubble_2, swamp_pool5,
          nicolae_swamp_fairy_circle, uniq_bai_suzhen
Swamp:4:  nzn_swamp_witches_coven, layout_basic_swamp, gammafunk_ghost_cemetery
Spider:1: layout_spider_delve, uniq_frances
Spider:2: layout_spider_delve, nicolae_spider_nook
Spider:3: layout_spider_delve, spiders_nest_hornet_nest
Spider:4: floodkiller_spider_rune_tomb, worms_lemuel, uniq_kirke
Orc:1:    layout_caves, hangedman_minor_magic
Orc:2:    st_orc_ogre_mass, layout_diamond_mine, serial_shops,
          nicolae_shop_waterfront, uniq_josephine, uniq_erolcha, uniq_donald
Depths:1: thingy_vault_2, layout_basic, hell_entry, okawaru_gym_becter,
          patterned_corridor, grunt_megastairs_4, minmay_shop_star, uniq_mara
Depths:2: minmay_blocking_statues, layout_basic, hellmouth_2, fedhas_altar_2,
          abyss_entry_small_statue_room, minmay_misc_feat_columns,
          infiniplex_staircase_9_rooms
Depths:3: kennysheep_windowed_halls, layout_gridville, pan_entry, hell_entry,
          serial_shops, shop, minmay_microvault
Depths:4: minmay_diamond_stairs, layout_honeycomb, enter_ziggurat_a,
          gammafunk_ghost_tricky_traps, abyss_entry, hell_entry,
          nicolae_ashenzari_skybound, serial_bayou_shore_a,
          minmay_staircase_statues
Depths:5: grunt_crosshair, layout_gridlike, abyss_entry, hell_entry,
          serial_shops, nicolae_shop_trees, nicolae_hepliaklqana_hippocampus,
          minmay_shop_grove, uniq_jory

Notes
Turn   | Place    | Note
-------+----------+-------------------------------------------
     0 | D:1      | Eryximachus the Vine Stalker Fighter began the quest for
                  | the Orb.
     0 | D:1      | Reached XP level 1. HP: 11/11 MP: 2/2
   514 | D:1      | Reached XP level 2. HP: 15/16 MP: 3/3
   543 | D:1      | Reached skill level 2 in Short Blades
   998 | D:1      | Reached skill level 3 in Fighting
  1062 | D:1      | Reached XP level 3. HP: 20/20 MP: 4/4
  1283 | D:2      | Reached skill level 3 in Shields
  1439 | D:2      | Found a faded altar of an unknown god.
  1740 | D:2      | Gained mutation: Your natural rate of healing is unusually
                  | fast. [Vine Stalker growth]
  1740 | D:2      | Reached XP level 4. HP: 24/24 MP: 3/5
  1905 | D:2      | Found a shimmering altar of Xom.
  2039 | D:3      | Reached skill level 3 in Armour
  2137 | D:3      | Found an ornate altar of the Wu Jian Council.
  2309 | D:3      | Identified +0 pearl dragon scales
  2631 | D:3      | Reached skill level 3 in Short Blades
  2631 | D:3      | Reached XP level 5. HP: 29/29 MP: 4/6
  2977 | D:3      | Reached skill level 4 in Fighting
  3057 | D:3      | Reached skill level 4 in Short Blades
  3057 | D:3      | Reached XP level 6. HP: 25/33 MP: 4/7
  3636 | D:4      | Noticed a black bear
  3663 | D:3      | Killed a black bear
  4109 | D:4      | Found a bloodstained altar of Trog.
  4110 | D:4      | Noticed a wizard
  4116 | D:4      | Killed a wizard
  4297 | D:4      | Found a runed translucent door.
  4298 | D:4      | Noticed Crazy Yiuf
  4322 | D:4      | Reached skill level 5 in Short Blades
  4385 | D:4      | Noticed Pikel
  4411 | D:4      | Killed Pikel
  4412 | D:4      | Reached skill level 3 in Stealth
  4412 | D:4      | Reached skill level 2 in Evocations
  4412 | D:4      | Reached XP level 7. HP: 38/38 MP: 5/8
  4683 | D:4      | Reached skill level 5 in Fighting
  4683 | D:4      | Reached skill level 6 in Short Blades
  4683 | D:4      | Gained mutation: You have razor-sharp teeth. [Vine Stalker
                  | growth]
  4683 | D:4      | Reached XP level 8. HP: 43/43 MP: 7/9
  4872 | D:5      | Entered Level 5 of the Dungeon
  5055 | D:6      | Reached skill level 6 in Fighting
  5118 | D:6      | Reached skill level 1 in Slings
  5118 | D:6      | Reached skill level 1 in Dodging
  5247 | D:6      | Noticed Blork the orc
  5260 | D:6      | Killed Blork the orc
  5568 | D:6      | Found a staircase to the Ecumenical Temple.
  5592 | D:6      | Reached skill level 2 in Slings
  5617 | Temple   | Entered the Ecumenical Temple
  5806 | Temple   | Became a worshipper of Gozag Ym Sagoz the Greedy
  5877 | Temple   | Reached skill level 2 in Dodging
  6015 | D:6      | Reached skill level 3 in Slings
  6032 | D:6      | Found a hide-covered altar of Uskayaw.
  6032 | D:6      | Noticed a +0 short sword
  6032 | D:6      | Noticed a +0 spear
  6033 | D:6      | Noticed a +0 falchion
  6035 | D:6      | Noticed a +0 dagger
  6041 | D:6      | Noticed a +0 short sword
  6042 | D:6      | Noticed a +0 dagger
  6042 | D:6      | Noticed a +0 falchion
  6042 | D:6      | Noticed a +0 spear
  6517 | D:4      | Reached skill level 4 in Slings
  6520 | D:4      | Reached XP level 9. HP: 48/48 MP: 10/10
  6816 | D:4      | Found a bloodstained altar of Trog.
  7131 | D:4      | Killed Crazy Yiuf
  7415 | D:5      | Found a shadowy altar of Dithmenos.
  8635 | D:7      | Found a radiant altar of Vehumet.
  8744 | D:7      | Noticed a troll
  8806 | D:7      | Noticed a cyan ugly thing
  8841 | D:7      | Killed a cyan ugly thing
  8842 | D:7      | Reached skill level 7 in Fighting
  8842 | D:7      | Reached skill level 5 in Slings
  9184 | D:7      | Found a broken altar of Ashenzari.
  9188 | D:7      | Reached skill level 8 in Fighting
  9402 | D:7      | Noticed Menkaure
  9407 | D:7      | Killed Menkaure
  9408 | D:7      | Reached skill level 3 in Dodging
  9465 | D:7      | Killed an unseen horror
  9466 | D:7      | Reached skill level 4 in Dodging
  9466 | D:7      | Reached skill level 4 in Stealth
  9466 | D:7      | Reached XP level 10. HP: 49/56 MP: 8/11
  9497 | D:7      | Reached skill level 3 in Evocations
  9617 | D:7      | Reached skill level 5 in Stealth
  9838 | D:7      | Noticed a two-headed ogre
  9848 | D:7      | Killed a two-headed ogre
  9849 | D:7      | Reached skill level 6 in Stealth
  9849 | D:7      | Reached skill level 4 in Evocations
  9849 | D:7      | Reached skill level 4 in Shields
  9914 | D:7      | Identified the ring "Foiwnokk" {rPois rC+ rCorr}
 10128 | D:8      | Found a glowing silver altar of Zin.
 10211 | D:8      | Noticed Joseph
 10222 | D:8      | Killed Joseph
 10359 | D:8      | Reached skill level 5 in Shields
 10759 | D:8      | Reached skill level 6 in Shields
 10973 | D:9      | Noticed Grum
 10977 | D:9      | Reached skill level 7 in Short Blades
 11010 | D:9      | Killed Grum
 11011 | D:9      | Reached XP level 11. HP: 43/60 MP: 8/12
 11024 | D:9      | Found a flagged portal.
 11030 | Bailey   | Entered a bailey
 11030 | Bailey   | Identified a +0 crystal plate armour
 11044 | Bailey   | Noticed an orc knight
 11058 | Bailey   | Reached skill level 8 in Short Blades
 11211 | Bailey   | Killed an orc knight
 11216 | Bailey   | Noticed an orc knight
 11232 | Bailey   | Killed an orc knight
 11396 | Bailey   | Found the +8 demon trident "Rift" {distort, reach+}
 11464 | Bailey   | Identified a +0 crystal plate armour
 11464 | Bailey   | Noticed an orc knight
 11490 | Bailey   | Killed an orc knight
 11664 | D:9      | Found a shimmering altar of Xom.
 11896 | D:9      | Reached skill level 9 in Fighting
 11896 | D:9      | Reached skill level 9 in Short Blades
 12709 | D:9      | Found a glowing golden altar of the Shining One.
 13616 | D:10     | Entered Level 10 of the Dungeon
 13630 | D:10     | Noticed Erica
 13641 | D:10     | Killed Erica
 13650 | D:10     | Identified a scarf of resistance
 13703 | D:10     | Noticed a death yak
 13704 | D:10     | Noticed a death yak
 13704 | D:10     | Noticed a death yak
 13774 | D:9      | Killed a death yak
 13791 | D:10     | Found a staircase to the Lair.
 13882 | D:10     | Killed a death yak
 13883 | D:10     | Reached XP level 12. HP: 55/67 MP: 10/13
 13899 | D:10     | Killed a death yak
 13900 | D:10     | Reached skill level 10 in Fighting
 13900 | D:10     | Reached skill level 10 in Short Blades
 14078 | D:10     | Found a sacrificial altar of Ru.
 14129 | D:10     | Reached skill level 7 in Shields
 14231 | D:10     | Noticed a tengu warrior
 14267 | D:10     | Killed a tengu warrior
 14347 | D:10     | Noticed Sonja
 14352 | D:10     | Killed Sonja
 14476 | D:10     | Noticed Gastronok
 15331 | D:11     | Found a shimmering blue altar of Sif Muna.
 15685 | D:11     | Reached skill level 6 in Slings
 15715 | D:11     | Found a transporter.
 15747 | D:11     | Found a transporter.
 15758 | D:11     | Noticed Duder's ghost (journeyman MiBe)
 16214 | D:10     | Killed Gastronok
 16215 | D:10     | Reached skill level 8 in Shields
 16722 | D:11     | Reached skill level 7 in Slings
 16832 | D:12     | Noticed a boulder beetle
 17062 | Lair:1   | Entered Level 1 of the Lair of Beasts
 17197 | Lair:1   | Reached skill level 11 in Fighting
 17371 | Lair:1   | Identified the +2 plate armour of the Blind Marksman
                  | {Rampage rElec Will- Slay+5}
 17780 | Lair:1   | Reached XP level 13. HP: 74/74 MP: 14/14
 18817 | Lair:1   | Reached skill level 5 in Evocations
 20395 | Lair:2   | Found a staircase to the Swamp.
 20993 | Lair:2   | Found a hole to the Spider Nest.
 21859 | Lair:2   | Reached skill level 8 in Slings
 21871 | Lair:2   | Reached skill level 9 in Shields
 22277 | Lair:3   | Identified the +11 falchion of Modesty {vorpal, rPois
                  | Dex+10 SInv}
 22322 | Lair:3   | Noticed Snorg
 22336 | Lair:3   | Killed Snorg
 22341 | Lair:3   | Reached skill level 6 in Evocations
 22354 | Lair:3   | Reached skill level 1 in Long Blades
 22634 | Lair:3   | Identified a potion of resistance
 22635 | Lair:3   | Identified a scroll of acquirement
 22636 | Lair:3   | Acquired the +2 pair of gloves "Saliros" {rElec Str+4 Dex+6
                  | Stlth+}
 22877 | Lair:3   | Noticed Rupert
 23296 | Lair:4   | Reached skill level 2 in Long Blades
 23755 | Lair:4   | Reached skill level 3 in Long Blades
 23755 | Lair:4   | Reached XP level 14. HP: 47/79 MP: 11/15
 23761 | Lair:4   | Reached skill level 12 in Fighting
 23814 | Lair:3   | Reached skill level 9 in Slings
 24146 | Lair:4   | Reached skill level 10 in Shields
 25142 | Lair:5   | Reached skill level 4 in Long Blades
 26128 | Lair:5   | Found a staircase to the Slime Pits.
 27372 | Lair:6   | Entered Level 6 of the Lair of Beasts
 27901 | Lair:6   | Reached skill level 5 in Long Blades
 28181 | Lair:6   | Identified the amulet of Acrau {Spirit rC+}
 28800 | Lair:6   | Reached skill level 10 in Slings
 29112 | Lair:6   | Noticed a dire elephant
 29129 | Lair:6   | Killed a dire elephant
 29155 | Lair:6   | Reached skill level 6 in Long Blades
 29189 | Lair:6   | Got Rafuor's Sorcery, Part One
 29930 | D:11     | Reached XP level 15. HP: 68/85 MP: 16/16
 29936 | D:11     | Killed Duder's ghost
 29937 | D:11     | Reached skill level 11 in Shields
 30431 | D:12     | Found a staircase to the Orcish Mines.
 30605 | D:12     | You fall into a shaft and drop 1 floor!
 30766 | D:13     | Found Jutuddow's Armour Boutique.
 30799 | D:13     | Reached skill level 13 in Fighting
 30922 | D:13     | Found Verat's Antique Weapon Shoppe.
 31297 | D:13     | Found Wetirr's Magic Scroll Shop.
 31328 | D:13     | Bought a scroll of blinking for 127 gold pieces
 32006 | D:13     | Reached skill level 7 in Long Blades
 32035 | D:13     | Found Feophodo's Magic Scroll Boutique.
 32399 | D:13     | Bought a scroll of blinking for 90 gold pieces
 32399 | D:13     | Bought a scroll of silence for 90 gold pieces
 32834 | D:14     | Identified a +1 robe of resistance
 32893 | D:14     | Found a shadowy altar of Dithmenos.
 33733 | D:14     | Found a gate to the Vaults.
 34122 | D:15     | Entered Level 15 of the Dungeon
 34394 | D:15     | Noticed Jorgrun
 34414 | D:15     | Reached skill level 8 in Long Blades
 34425 | D:15     | Killed Jorgrun
 34426 | D:15     | Reached skill level 12 in Shields
 34624 | D:15     | Found a white marble altar of Elyvilon.
 35190 | D:15     | Found a staircase to the Depths.
 35697 | D:12     | Noticed Maurice
 35704 | D:12     | Killed Maurice
 36013 | D:12     | Reached XP level 16. HP: 92/92 MP: 17/17
 36314 | Orc:1    | Entered Level 1 of the Orcish Mines
 37284 | Orc:2    | Entered Level 2 of the Orcish Mines
 37284 | Orc:2    | Found a staircase to the Elven Halls.
 37535 | Orc:2    | Noticed Donald
 37553 | Orc:2    | Noticed Erolcha
 37566 | Orc:2    | Killed Donald
 37567 | Orc:2    | Reached skill level 14 in Fighting
 37579 | Orc:2    | Killed Erolcha
 37580 | Orc:2    | Reached skill level 9 in Long Blades
 37618 | Orc:2    | Found Jigra's Book Shoppe.
 37862 | Orc:2    | Noticed Josephine
 37872 | Orc:2    | Killed Josephine
 38198 | Orc:2    | Found Nyredghomn's Distillery.
 38198 | Orc:2    | Found Ihables's Armour Emporium.
 38199 | Orc:2    | Found Kumuq's Magic Scroll Shoppe.
 38199 | Orc:2    | Found Waluvi's Jewellery Shop.
 39078 | Orc:2    | Bought a masterwork leather armour for 210 gold pieces
 39078 | Orc:2    | Identified the +3 leather armour of Restlessness {Stlth+}
                  | (You bought it in a shop on level 2 of the Orcish Mines)
 39078 | Orc:2    | Bought a scorched leather armour for 210 gold pieces
 39078 | Orc:2    | Identified the +3 leather armour "Logit" {rElec rC+ rCorr}
                  | (You bought it in a shop on level 2 of the Orcish Mines)
 39081 | Orc:2    | Bought the +5 ring mail "Lijaupp" {rElec Regen+} for 473
                  | gold pieces
 39082 | Orc:2    | Bought a faintly humming robe for 171 gold pieces
 39082 | Orc:2    | Identified the +1 robe of Duty {Dex+2 Archmagi} (You bought
                  | it in a shop on level 2 of the Orcish Mines)
 39103 | Orc:2    | Bought an embroidered cloak for 225 gold pieces
 39222 | Orc:2    | Bought a buzzing hunting sling for 214 gold pieces
 39222 | Orc:2    | Identified the +9 hunting sling "Poqu" {speed, Will+ Str+4}
                  | (You bought it in a shop on level 2 of the Orcish Mines)
 39226 | Orc:2    | Bought a fine hunting sling for 214 gold pieces
 39226 | Orc:2    | Identified the +7 hunting sling "Ukoerch" {vorpal, Int+3}
                  | (You bought it in a shop on level 2 of the Orcish Mines)
 39304 | Orc:2    | Bought the ring "Ydemegh" {EV+4 Dex+2} for 519 gold pieces
 39476 | Orc:2    | Bought a book of Unlife for 396 gold pieces
 39480 | Orc:2    | Learned a level 3 spell: Mephitic Cloud
 39749 | Lair:3   | Killed Rupert
 40321 | Spider:1 | Entered Level 1 of the Spider Nest
 40525 | Spider:1 | Reached skill level 1 in Conjurations
 40525 | Spider:1 | Reached skill level 1 in Poison Magic
 40537 | Spider:1 | Noticed Frances
 40575 | Spider:1 | Killed Frances
 40576 | Spider:1 | Reached skill level 1 in Spellcasting
 40576 | Spider:1 | Reached skill level 1 in Air Magic
 40758 | Spider:1 | Reached skill level 11 in Slings
 41243 | Spider:2 | Reached skill level 2 in Air Magic
 41375 | Spider:2 | Reached skill level 13 in Shields
 41375 | Spider:2 | Reached skill level 2 in Poison Magic
 41437 | Spider:2 | Reached skill level 2 in Conjurations
 41437 | Spider:2 | Reached XP level 17. HP: 98/98 MP: 20/20
 41470 | Spider:2 | Reached skill level 2 in Spellcasting
 42032 | Spider:2 | Reached skill level 10 in Long Blades
 42104 | Spider:2 | You fall into a shaft and drop 1 floor!
 42196 | Spider:3 | Reached skill level 3 in Air Magic
 42236 | Spider:3 | Reached skill level 3 in Conjurations
 42451 | Spider:2 | Reached skill level 3 in Poison Magic
 42530 | Spider:2 | Reached skill level 3 in Spellcasting
 43603 | Spider:4 | Entered Level 4 of the Spider Nest
 44587 | Spider:4 | Noticed Kirke
 44632 | Spider:4 | Killed Kirke
 44701 | Spider:4 | Reached skill level 4 in Air Magic
 44712 | Spider:4 | Reached skill level 4 in Conjurations
 44739 | Spider:4 | Reached skill level 4 in Poison Magic
 44748 | Spider:4 | Reached skill level 4 in Spellcasting
 46087 | Spider:4 | Reached XP level 18. HP: 103/103 MP: 15/25
 46673 | Spider:4 | Reached skill level 15 in Fighting
 46703 | Spider:4 | Reached skill level 5 in Spellcasting
 46762 | Spider:4 | Reached skill level 5 in Poison Magic
 46795 | Spider:4 | Reached skill level 5 in Air Magic
 46808 | Spider:4 | Reached skill level 5 in Conjurations
 46885 | Spider:4 | Got a gossamer rune of Zot
 47901 | Swamp:1  | Entered Level 1 of the Swamp
 48350 | Swamp:1  | Noticed Aizul
 48360 | Swamp:1  | Killed Aizul
 49296 | Swamp:1  | Reached skill level 12 in Slings
 50060 | Swamp:2  | Reached skill level 11 in Long Blades
 51056 | Swamp:3  | Noticed Bai Suzhen
 51347 | Swamp:3  | Reached skill level 6 in Spellcasting
 51503 | Swamp:3  | Killed Bai Suzhen
 51504 | Swamp:3  | Reached skill level 6 in Conjurations
 51504 | Swamp:3  | Reached skill level 6 in Air Magic
 51504 | Swamp:3  | Reached skill level 6 in Poison Magic
 51872 | Swamp:4  | Entered Level 4 of the Swamp
 52273 | Swamp:4  | Reached skill level 7 in Spellcasting
 52291 | Swamp:4  | Reached XP level 19. HP: 108/108 MP: 30/30
 52292 | Swamp:4  | Found a runed translucent gate.
 52292 | Swamp:4  | Found a runed translucent gate.
 52292 | Swamp:4  | Found a runed translucent gate.
 52305 | Swamp:4  | Reached skill level 14 in Shields
 52393 | Swamp:4  | Noticed DemonSlayer's ghost (adept DsBe)
 52393 | Swamp:4  | Noticed DrabberRogue's ghost (adept HuHu)
 52454 | Swamp:4  | Noticed a tentacled monstrosity
 52468 | Swamp:4  | Killed a tentacled monstrosity
 52618 | Swamp:4  | Noticed a tentacled monstrosity
 52633 | Swamp:3  | Killed a tentacled monstrosity
 52764 | Swamp:4  | Reached skill level 7 in Air Magic
 52774 | Swamp:4  | Reached skill level 8 in Spellcasting
 53199 | Swamp:4  | Noticed a tentacled monstrosity
 53469 | Swamp:4  | Killed a tentacled monstrosity
 53631 | Swamp:4  | Reached skill level 8 in Air Magic
 53758 | Swamp:4  | Reached skill level 12 in Long Blades
 53968 | Swamp:4  | Got a decaying rune of Zot
 54245 | Swamp:4  | Learned a level 4 spell: Summon Lightning Spire
 54342 | Swamp:4  | Killed DemonSlayer's ghost
 54343 | Swamp:4  | Reached skill level 1 in Summonings
 54429 | Swamp:4  | Killed DrabberRogue's ghost
 54845 | Orc:2    | Bought a scroll of blinking for 90 gold pieces
 54845 | Orc:2    | Bought a scroll of blinking for 90 gold pieces
 54848 | Orc:2    | Bought a potion of magic for 96 gold pieces
 55021 | D:15     | Bought a pair of slimy boots for 361 gold pieces
 55021 | D:15     | Identified the -4 pair of boots "Erong" {rElec rPois Int+3}
                  | (You bought it in a shop on level 15 of the Dungeon)
 55021 | D:15     | Bought a faintly glowing lapis lazuli ring for 190 gold
                  | pieces
 55021 | D:15     | Identified the ring of Midnight {+Blink EV+4 Dex+4} (You
                  | bought it in a shop on level 15 of the Dungeon)
 55032 | Depths:1 | Entered Level 1 of the Depths
 55312 | Depths:1 | Reached skill level 2 in Summonings
 55480 | Depths:2 | Found a blossoming altar of Fedhas.
 55808 | Depths:1 | Reached skill level 3 in Summonings
 55865 | Depths:1 | Paralysed by a great orb of eyes for 2 turns
 55894 | Depths:1 | Found a runed translucent door.
 55900 | Depths:1 | Found a runed translucent door.
 56099 | Depths:1 | Found an iron altar of Okawaru.
 56169 | Depths:1 | Identified a +2 robe of the Archmagi
 56169 | Depths:1 | Noticed Mara
 56208 | Depths:1 | Found Tuepnemp's Jewellery Shoppe.
 56240 | Depths:1 | Reached skill level 4 in Summonings
 56306 | Depths:1 | Found Detidghi's Antique Armour Emporium.
 56322 | Depths:1 | Found Luoqalep's Antique Weapon Emporium.
 56441 | Depths:1 | Found a gateway to Hell.
 56483 | Depths:1 | Reached XP level 20. HP: 113/113 MP: 33/33
 57111 | Depths:2 | Reached skill level 9 in Air Magic
 57338 | Depths:2 | Reached skill level 5 in Summonings
 57531 | Depths:2 | Reached skill level 6 in Summonings
 57666 | Depths:2 | Found a one-way gate to the infinite horrors of the Abyss.
 57889 | Depths:2 | Reached skill level 15 in Shields
 58417 | Depths:2 | Reached skill level 7 in Summonings
 59185 | Depths:2 | Reached skill level 8 in Summonings
 59185 | Depths:2 | Reached skill level 10 in Air Magic
 60056 | Depths:3 | Found a one-way gate leading to the halls of Pandemonium.
 60438 | Depths:2 | Reached XP level 21. HP: 102/119 MP: 34/34
 60734 | Depths:3 | Reached skill level 7 in Stealth
 60744 | Depths:3 | Reached skill level 9 in Summonings
 60997 | Depths:3 | Reached skill level 4 in Armour
 61169 | Depths:3 | Identified the +7 battleaxe "Woloitun" {speed, Contam
                  | *Noise +Rage Int+8}
 61253 | Depths:3 | Reached skill level 5 in Dodging
 61270 | Depths:3 | Reached skill level 16 in Fighting
 61280 | Depths:3 | Noticed a juggernaut
 61806 | Depths:3 | Reached skill level 8 in Stealth
 62077 | Depths:3 | Found Suletoj's Distillery.
 62093 | Depths:3 | Bought a potion of might for 60 gold pieces
 62306 | Depths:2 | Reached skill level 10 in Summonings
 62362 | Depths:2 | Found a one-way gate to the infinite horrors of the Abyss.
 62438 | Depths:2 | Found a blossoming altar of Fedhas.
 62826 | Depths:2 | Found a blossoming altar of Fedhas.
 62992 | Depths:2 | Found a one-way gate to the infinite horrors of the Abyss.
 63854 | Depths:3 | Killed a juggernaut
 64926 | Depths:4 | Reached skill level 5 in Armour
 65166 | Depths:4 | Found a gateway to a ziggurat.
 65643 | Depths:4 | Found a runed translucent gate.
 65644 | Depths:4 | Found a runed translucent gate.
 65644 | Depths:4 | Found a runed translucent gate.
 65648 | Depths:4 | Noticed Okotesic's ghost (adept MiBe)
 65676 | Depths:4 | Found a broken altar of Ashenzari.
 65993 | Depths:5 | Entered Level 5 of the Depths
 65993 | Depths:5 | Noticed Jory
 66017 | Depths:5 | Killed Jory
 66018 | Depths:5 | Reached skill level 9 in Stealth
 66018 | Depths:5 | Reached skill level 7 in Evocations
 66089 | Depths:5 | Found Yhaqi's Book Emporium.
 66089 | Depths:5 | Found Leppa's Jewellery Boutique.
 66090 | Depths:5 | Found Niyxud's Jewellery Boutique.
 66175 | Depths:5 | Paralysed by a vampire knight for 5 turns
 66180 | Depths:5 | Slain by a vampire knight

Vanquished Creatures
  A juggernaut (Depths:3)
  Bai Suzhen (Swamp:3)
  Jory (Depths:5)
  3 tentacled monstrosities
  Jorgrun (D:15)
  3 liches
  Rupert (Lair:3)
  A quicksilver dragon (shapeshifter) (Depths:2)
  The ghost of DemonSlayer the Impaler, an adept DsBe of Trog (Swamp:4)
  A quicksilver dragon (Depths:2)
  The ghost of DrabberRogue the Spry, an adept HuHu of Wu Jian (Swamp:4)
  Kirke (Spider:4)
  Gastronok (D:10)
  2 shadow dragons
  3 tengu reavers
  A thorn hunter (Swamp:4)
  Donald (Orc:2)
  2 frost giants
  3 fire giants
  4 fenstrider witches (Swamp:4)
  4 ghost moths
  2 iron dragons
  An orc warlord (D:12)
  4 emperor scorpions
  Aizul (Swamp:1)
  2 ghouls
  2 spriggan defenders
  8 stone giants
  A reaper (Depths:2)
  A deep elf demonologist (Depths:2)
  29 very ugly things
  2 vampire knights
  7 entropy weavers
  A dire elephant (Lair:6)
  3 bunyips
  Snorg (Lair:3)
  6 spark wasps
  5 eleionomae
  7 ettins
  A blizzard demon (Swamp:4)
  A green death (Swamp:4)
  7 great orbs of eyes
  7 fire dragons
  2 ice dragons (Depths:3)
  The ghost of Duder the Basher, a journeyman MiBe of Trog (D:11)
  A vault guard (D:14)
  Josephine (Orc:2)
  15 hydras
  6 ogre magi
  2 boulder beetles
  Erica (D:10)
  2 catoblepae
  Erolcha (Orc:2)
  4 rakshasas
  A ghost crab (Swamp:2)
  4 spriggan air magi (Depths:3)
  2 death knights (D:13)
  2 centaur warriors (D:15)
  12 alligators
  3 tengu warriors
  19 two-headed ogres
  8 death scarabs (Spider:4)
  9 deep troll earth magi
  2 hell hogs (Depths:2)
  11 death yaks
  13 deep troll shamans
  6 hell knights
  3 spriggan berserkers
  Sonja (D:10)
  2 sixfirhies (Swamp:4)
  4 soul eaters
  2 spectral emperor scorpions (Spider:4)
  12 iron trolls
  22 deep trolls
  2 flayed ghosts
  3 swamp dragons (Swamp:4)
  5 spriggan druids
  3 wizards
  3 goliath frogs
  2 spectral wolf spiders (Spider:4)
  4 glowing orange brains
  A harpy (shapeshifter) (Depths:3)
  2 bog bodies
  2 phantasmal warriors
  Pikel (D:4)
  4 orc knights
  A lindwurm (Lair:5)
  2 necromancers
  A sphinx zombie (Depths:3)
  4 orc sorcerers
  6 deep elf pyromancers
  2 deep elf zephyrmancers (Orc:1)
  21 wolf spiders
  A cyclops (shapeshifter) (D:15)
  3 manticores
  34 ugly things
  7 oklob plants
  11 orb spiders
  3 will-o-the-wisps
  2 cyclopes
  5 moths of wrath
  4 black mambas
  Maurice (D:12)
  7 elephants
  Joseph (D:8)
  An orange demon (Swamp:4)
  A smoke demon (Depths:2)
  4 torpor snails
  9 cane toads
  A spectral redback (Spider:4)
  A rime drake (shapeshifter) (D:14)
  2 unseen horrors
  3 rime drakes (Lair:4)
  A kobold demonologist (D:13)
  A redback zombie (Spider:4)
  2 tengu conjurers (Depths:1)
  3 hellions (Depths:2)
  A komodo dragon (Lair:5)
  2 freezing wraiths
  3 yaktaurs (D:15)
  18 demonic crawlers
  6 trolls
  A hellwing (Swamp:4)
  2 efreet
  20 hornets
  A queen bee (D:11)
  3 meliai (D:15)
  3 tyrant leeches
  4 polar bears
  3 bloated husks (Swamp:3)
  34 blink frogs
  32 jumping spiders
  A tengu simulacrum (Depths:3)
  A blink frog (shapeshifter) (D:15)
  5 spectral tarantellas (Spider:4)
  7 dream sheep (Lair:6)
  A snapping turtle (shapeshifter) (Depths:5)
  3 jumping spider zombies (Spider:4)
  3 spectral jumping spiders (Spider:4)
  2 tarantella zombies (Spider:4)
  13 slime creatures
  73 redbacks
  11 spriggans
  37 tarantellas
  7 wraiths
  2 hogs
  4 water elementals (Depths:4)
  2 vampires (D:13)
  4 wyverns
  44 yaks
  6 basilisks
  3 chaos spawn (Swamp:4)
  16 vampire mosquitoes
  Grum (D:9)
  Menkaure (D:7)
  15 swamp worms
  3 wargs
  16 water moccasins
  2 acid dragons
  A floating eye (D:13)
  3 sky beasts
  5 swamp drakes
  An ice beast (D:6)
  7 black bears
  A necrophage (D:7)
  35 orc warriors
  30 ogres
  4 boggarts (D:14)
  15 centaurs
  A phantom (D:7)
  17 wolves
  2 lemures (D:4)
  11 bullfrogs
  3 gnoll sergeants
  Blork the orc (D:6)
  2 scorpions
  A glowing shapeshifter simulacrum (Depths:3)
  A wyvern skeleton (D:7)
  A water moccasin skeleton (D:6)
  11 killer bees (D:11)
  4 electric eels
  9 wights
  8 howler monkeys
  A crimson imp (Orc:1)
  3 centaur zombies
  4 jellies
  Crazy Yiuf (D:4)
  7 hounds
  5 gnoll shamans
  25 orc priests
  A bullfrog skeleton (D:3)
  2 centaur skeletons (D:7)
  An iron imp (Orc:1)
  An iguana (D:6)
  23 orc wizards
  A statue (D:7)
  A killer bee zombie (D:6)
  A hound zombie (D:5)
  2 human simulacra (D:9)
  A hound skeleton (D:4)
  2 howler monkey zombies
  5 adders
  38 gnolls
  A river rat (D:10)
  A shadow imp (Orc:1)
  2 white imps
  An adder zombie (D:3)
  An adder skeleton (D:4)
  2 worms
  3 dart slugs
  95 orcs
  14 endoplasms
  3 giant cockroaches
  7 hobgoblins
  5 jackals
  7 quokkas
  9 ball pythons
  2 ball python skeletons (D:3)
  6 bats
  3 frilled lizards
  A giant cockroach zombie (D:3)
  12 goblins
  3 kobolds
  2 quokka zombies (D:3)
  7 rats
  A bush (Lair:6)
1390 creatures vanquished.

Vanquished Creatures (collateral kills)
  Frances (Spider:1)
  An ettin (Depths:2)
  An orc knight (Bailey)
  An orc warrior (Orc:2)
  An orc wizard (Orc:2)
5 creatures vanquished.

Vanquished Creatures (others)
  An ugly thing (D:15)
  2 wizards
  2 bloated husks
  2 blink frogs (Lair:5)
  A yak (Lair:3)
  2 humans (Spider:4)
  An orc warrior (Bailey)
  An orc wizard (D:9)
  2 orcs
  4 butterflies (Lair:5)
  6 foxfires (Swamp:2)
  33 fungi
  44 plants
  5 withered plants (D:3)
106 creatures vanquished.

Grand Total: 1501 creatures vanquished

Table legend: (Time is in decaauts)
 A = Elapsed time spent in this place.
 B = Non-inter-level travel time spent in this place.
 C = Inter-level travel time spent in this place.
 D = Time resting spent in this place.
 E = Time spent auto-exploring this place.
 F = Levels seen in this place.
 G = Mean time per level.
                   A        B        C        D        E       F      G
               +--------+--------+--------+--------+--------+-----+--------+
         Total |  65258 |  61005 |   4253 |  14430 |  27741 |  38 | 1717.3 |
       Dungeon |  23219 |  21531 |   1688 |   3858 |  11162 |  15 | 1547.9 |
        Temple |    258 |    232 |     26 |      0 |    190 |   1 |  258.0 |
          Lair |  13344 |  12598 |    746 |   3483 |   5918 |   6 | 2224.0 |
         Swamp |   6899 |   6751 |    148 |   2113 |   2413 |   4 | 1724.8 |
   Spider Nest |   7235 |   6658 |    577 |   1216 |   2663 |   4 | 1808.8 |
  Orcish Mines |   3195 |   2643 |    552 |    786 |    991 |   2 | 1597.5 |
        Depths |  10556 |  10041 |    515 |   2744 |   4362 |   5 | 2111.2 |
        Bailey |    548 |    548 |      0 |    228 |     40 |   1 |  548.0 |
               +--------+--------+--------+--------+--------+-----+--------+

Top non-repeatable levels by time:
Depths:2: 3739 daAuts
  Lair:1: 3402 daAuts
Spider:4: 3307 daAuts
Depths:3: 3163 daAuts
 Swamp:4: 2718 daAuts
     D:4: 2561 daAuts
  Lair:5: 2461 daAuts
     D:9: 2195 daAuts
    D:13: 2164 daAuts
  Lair:6: 2161 daAuts
Depths:1: 2092 daAuts
  Lair:2: 1999 daAuts
   Orc:2: 1954 daAuts
    D:11: 1910 daAuts
 Swamp:1: 1832 daAuts

Table legend:
 A = Non-vault XP
 B = Vault XP
 C = Vault XP percentage of total XP
 D = Non-vault monster count
 E = Vault monster count
 F = Vault count percentage of total count
                 A         B        C        D         E       F
            +---------+---------+-------+---------+---------+-------
      Total |  342813 |  250209 |  42.2 |     915 |     478 |  34.3
            +---------+---------+-------+---------+---------+-------
        D:1 |      34 |       0 |   0.0 |      22 |       0 |   0.0
        D:2 |      61 |       2 |   3.2 |      19 |       2 |   9.5
        D:3 |     349 |      11 |   3.1 |      26 |       6 |  18.8
        D:4 |     282 |     742 |  72.5 |      16 |       6 |  27.3
        D:5 |     246 |       0 |   0.0 |       8 |       0 |   0.0
        D:6 |     729 |      90 |  11.0 |      15 |       1 |   6.2
        D:7 |     776 |    3205 |  80.5 |      13 |      17 |  56.7
        D:8 |    1401 |     686 |  32.9 |      18 |      25 |  58.1
        D:9 |    2565 |    2112 |  45.2 |      25 |      37 |  59.7
       D:10 |    2224 |    5739 |  72.1 |      23 |       8 |  25.8
       D:11 |    4006 |    1976 |  33.0 |      26 |       9 |  25.7
       D:12 |    8950 |     735 |   7.6 |      29 |      19 |  39.6
       D:13 |    7254 |    2407 |  24.9 |      17 |       5 |  22.7
       D:14 |    4454 |    4220 |  48.7 |      12 |       6 |  33.3
       D:15 |   11689 |    6096 |  34.3 |      30 |       8 |  21.1
     Temple |      84 |       0 |   0.0 |       2 |       0 |   0.0
     Lair:1 |    6108 |     188 |   3.0 |      28 |       1 |   3.4
     Lair:2 |    3247 |    3177 |  49.5 |      14 |       8 |  36.4
     Lair:3 |    5508 |    3804 |  40.9 |      22 |       2 |   8.3
     Lair:4 |    9945 |     661 |   6.2 |      25 |       3 |  10.7
     Lair:5 |    6502 |      53 |   0.8 |      26 |       5 |  16.1
     Lair:6 |    8993 |    9896 |  52.4 |      28 |      20 |  41.7
    Swamp:1 |    8434 |    1603 |  16.0 |      19 |       1 |   5.0
    Swamp:2 |    8653 |       0 |   0.0 |      16 |       0 |   0.0
    Swamp:3 |   10306 |    7833 |  43.2 |      23 |       6 |  20.7
    Swamp:4 |   17912 |   42937 |  70.6 |      26 |      42 |  61.8
   Spider:1 |   10971 |    1077 |   8.9 |      26 |       1 |   3.7
   Spider:2 |   13771 |    5348 |  28.0 |      36 |      13 |  26.5
   Spider:3 |   11927 |    1956 |  14.1 |      34 |       7 |  17.1
   Spider:4 |   21811 |   41065 |  65.3 |      62 |      80 |  56.3
      Orc:1 |    2194 |    1524 |  41.0 |      39 |      16 |  29.1
      Orc:2 |    1847 |   25107 |  93.1 |      29 |      52 |  64.2
   Depths:1 |   26333 |    6665 |  20.2 |      31 |       5 |  13.9
   Depths:2 |   55492 |   27819 |  33.4 |      56 |      26 |  31.7
   Depths:3 |   35729 |   31004 |  46.5 |      40 |      21 |  34.4
   Depths:4 |   27297 |    2902 |   9.6 |      30 |       2 |   6.2
   Depths:5 |    4729 |    3971 |  45.6 |       4 |       1 |  20.0
     Bailey |       0 |    3598 | 100.0 |       0 |      17 | 100.0
            +---------+---------+-------+---------+---------+-------
